[Event "USA-ch Women 2024"]
[Site "Saint Louis"]
[Date "2024.10.12"]
[Round "2.1"]
[White "Lee, Alice"]
[Black "Cervantes Landeiro, Thalia"]
[Result "1/2-1/2"]
[ECO "D87"]
[WhiteElo "2395"]
[BlackElo "2302"]
[Annotator "RC"]
[PlyCount "178"]
[EventDate "2024.10.09"]
[EventType "tourn"]
[EventCountry "USA"]
[SourceTitle "playchess.com"]
[Source "ChessBase"]
[SourceQuality "1"]
[TimeControl "40/5400+30:1800+30"]

1. d4 Nf6 2. c4 g6 3. Nc3 d5 4. cxd5 Nxd5 5. e4 Nxc3 6. bxc3 Bg7 7. Bc4 c5 8. Ne2 O-O 9. O-O Nc6 10. Be3 Bg4 11. f3 Bd7 12. Bd3 cxd4 13. cxd4 Nb4 14. Rb1 Nxd3 15. Qxd3 b5 16. Qd2 a6 17. d5 Rc8 18. Rfc1 Be5 19. Nd4 Rc4 20. f4 Bg7 21. Rxc4 bxc4 22. Qc2 Qc7 23. Nc6 Bxc6 24. Qxc4 Rc8 25. dxc6 Qxc6 26. Qxc6 Rxc6 27. Rb8+ Bf8 28. Ra8 f6 29. a4 Kf7 30. a5 e5 31. f5 gxf5 32. exf5 e4 33. Ra7+ Kg8 34. Kf2 Bd6 35. Ra8+ Kg7 36. Re8 Rc2+ 37. Kf1 Ra2 38. Re6 Ra1+ 39. Ke2 Ra2+ 40. Kd1 Bb4 41. Rxa6 Rxa5 42. Rxa5 Bxa5 43. Kc2 Bc7 44. h3 Kf7 45. Kc3 Be5+ 46. Kc4 Bg3 47. Kd5 Be5 48. Kxe4 Bg3 49. Kf3 Be5 50. Kg4 Bc3 51. Kh5 Bb4 52. Kh6 Kg8 53. Bd4 Bd2+ 54. Kh5 Kf7 55. Bb2 Be3 56. Ba1 Bd2 57. Bd4 Bc1 58. Kg4 Bd2 59. Kf3 Bc1 60. Bc3 Ba3 61. Bd2 Bd6 62. Kg4 Ba3 63. Kh5 Bc5 64. Kh6 Kg8 65. Bc1 Bb4 66. Be3 Ba3 67. g3 Bb4 68. g4 Ba3 69. h4 Bb4 70. g5 Bf8+ 71. Kh5 fxg5 72. hxg5 Bb4 73. Bd4 Bf8 74. Bb6 Kf7 75. Bd4 Kg8 76. f6 Kf7 77. Bc3 Bc5 78. Kh6 Be3 79. Be5 Bd2 80. Bg3 Be3 81. Bh4 Kg8 82. Kh5 Kf7 83. Be1 Bd4 84. Bh4 Be3 85. Kg4 h6 86. Kf5 hxg5 87. Bxg5 Bxg5 88. Kxg5 Kf8 89. f7 Kxf7 1/2-1/2

[Event "USA-ch Women 2024"]
[Site "Saint Louis"]
[Date "2024.10.12"]
[Round "2.2"]
[White "Abrahamyan, Tatev"]
[Black "Paikidze, Nazi"]
[Result "1-0"]
[ECO "B12"]
[WhiteElo "2327"]
[BlackElo "2314"]
[Annotator "RC"]
[PlyCount "111"]
[EventDate "2024.10.09"]
[EventType "tourn"]
[EventCountry "USA"]
[SourceTitle "playchess.com"]
[Source "ChessBase"]
[SourceQuality "1"]
[TimeControl "40/5400+30:1800+30"]

1. e4 c6 2. d4 d5 3. e5 Bf5 4. c4 e6 5. Nc3 Ne7 6. Nge2 h6 7. Ng3 Bh7 8. h4 Nd7 9. cxd5 Nxd5 10. Nxd5 cxd5 11. Bd3 Bb4+ 12. Kf1 Bxd3+ 13. Qxd3 Qb6 14. h5 O-O 15. Ne2 Qa6 16. Qxa6 bxa6 17. Nf4 Rfc8 18. Nd3 Ba5 19. Ke2 Rc2+ 20. Kd1 Rc4 21. Be3 Bb6 22. Rh4 Rac8 23. Rc1 Bd8 24. Rh3 Be7 25. b3 Rxc1+ 26. Bxc1 a5 27. g4 a4 28. Bd2 Nb8 29. f4 Nc6 30. Bc3 a3 31. f5 Bg5 32. b4 exf5 33. gxf5 Ne7 34. Nc5 Nxf5 35. Ke2 Be7 36. Ba1 Rb8 37. Rxa3 Rxb4 38. Rxa7 Bxc5 39. dxc5 Rc4 40. Ra8+ Kh7 41. Rf8 Rc1 42. Bb2 Rc2+ 43. Kd3 Rxb2 44. Rxf7 Ng3 45. c6 Rb8 46. c7 Rc8 47. Kd4 Nxh5 48. Kxd5 Kg6 49. Rd7 Nf4+ 50. Kd6 h5 51. e6 Nxe6 52. Kxe6 h4 53. Kd6 h3 54. Re7 Kf6 55. Re3 Rh8 56. Rf3+ 1-0

[Event "USA-ch Women 2024"]
[Site "Saint Louis"]
[Date "2024.10.12"]
[Round "2.3"]
[White "Atwell, Rose"]
[Black "Yip, Carissa"]
[Result "0-1"]
[ECO "A11"]
[WhiteElo "2185"]
[BlackElo "2418"]
[Annotator "TA"]
[PlyCount "58"]
[EventDate "2024.10.09"]
[EventType "tourn"]
[EventCountry "USA"]
[SourceTitle "playchess.com"]
[Source "ChessBase"]
[SourceQuality "1"]
[TimeControl "40/5400+30:1800+30"]

1. Nf3 Nf6 2. b3 g6 3. Bb2 Bg7 4. g3 O-O 5. Bg2 a5 6. O-O d5 7. c4 c6 8. d3 Nbd7 9. cxd5 cxd5 10. Na3 a4 {[%emt 0:01:03] The position is equal.} 11. b4 Re8 12. Rc1 Qb6 {[%emt 0:04:12] Repels Nb5} 13. Qd2 e5 {[%emt 0:02:57][%cal Be7e5,Be5e4][%mdl 32] Prevents Bd4} 14. Nc2 e4 15. Nfd4 Ne5 16. Ne3 Bd7 17. Rc5 a3 18. Ba1 Qd6 19. Nb5 Bxb5 20. Rxb5 {[%emt 0:00:20] dxe4 is the strong threat.} Qd7 21. Rb6 {[%emt 0:04:42][%mdl 8192] [#] This move loses the game for White.} (21. Rc5 $14 {stays ahead.}) 21... d4 $36 {[%emt 0:04:41][%mdl 2048] Keeping White busy.} 22. Nc2 (22. Rxf6 {is the only way for White.} dxe3 (22... Bxf6 $2 23. Nc2 $19) 23. fxe3 Bxf6 (23... exd3 24. Bxe5 Rxe5 25. Rxf7 $18) 24. Rxf6 exd3 25. exd3) 22... Nd5 23. Bxd4 (23. Rxb7 Qxb7 24. Bxe4) 23... Nxb6 {[%emt 0:00:00] Black is clearly winning.} 24. Bxb6 Nc4 {[%emt 0:03:08] Prevents Be3.} 25. Bh3 f5 26. Qf4 Nxb6 27. dxe4 Be5 28. Qg5 Qd8 29. Qh6 Bg7 {[%emt 0:03:13] Weighted Error Value: White=0.66/Black=0.23 (precise) .  Loses game:     	White=1     	---        Mistake:       	White=2     	---        Inaccurate:     	White=1     	Black=2      OK:         	White=4     	Black=8      Best:        	---       	Black=4} 0-1

[Event "USA-ch Women 2024"]
[Site "Saint Louis"]
[Date "2024.10.12"]
[Round "2.4"]
[White "Krush, Irina"]
[Black "Lee, Megan"]
[Result "1-0"]
[ECO "D91"]
[WhiteElo "2388"]
[BlackElo "2253"]
[Annotator "TA"]
[PlyCount "143"]
[EventDate "2024.10.09"]
[EventType "tourn"]
[EventCountry "USA"]
[SourceTitle "playchess.com"]
[Source "ChessBase"]
[SourceQuality "1"]
[TimeControl "40/5400+30:1800+30"]

1. c4 g6 2. d4 Nf6 3. Nc3 d5 4. Nf3 Bg7 5. Bg5 Ne4 6. cxd5 Nxg5 7. Nxg5 e6 8. Nf3 exd5 9. e3 O-O 10. Be2 c6 11. O-O Re8 {[%emt 0:04:43] D91: Grünfeld: 4 Nf3 Bg7 5 Bg5.} 12. Rc1 Qd6 13. Na4 b6 $146 ({Predecessor:} 13... Nd7 14. Qc2 Nf6 15. Ne5 Bf5 16. Nd3 Nd7 17. Nac5 Nxc5 18. Qxc5 Qxc5 19. Nxc5 Bxd4 20. Nxb7 Bxb2 21. Rxc6 {0-1 Trevelyan,J (2138)-Mayhew,A (2089) BCF-chT2a 1314 (4NCL) 2013 (5.23)}) 14. a3 Nd7 15. Qc2 Bb7 16. Rfd1 Rac8 17. b4 f5 18. g3 Nf6 19. Nb2 Ng4 20. Nd3 Ba6 21. Nf4 Bxe2 22. Qxe2 Bh6 23. Qd3 Re4 24. b5 g5 ({Black should try} 24... Ree8 $14) 25. Ng2 $16 f4 26. exf4 (26. h3 $16 Nxf2 27. Kxf2) 26... gxf4 $14 27. Rxc6 (27. Rc2 {looks sharper.} fxg3 28. hxg3 Qf6 29. Rf1) 27... Rxc6 28. bxc6 fxg3 $1 29. hxg3 Qxc6 30. Nd2 (30. Nfh4 $14 {might be stronger.} Qe6 31. Qa6 (31. f3 Be3+ 32. Nxe3 Rxe3 $14)) 30... Re7 31. Qf3 Qd7 $1 32. Qd3 $1 Rf7 33. f3 Nf6 34. Nf1 Nh5 35. Re1 Bg7 (35... Qd6 $11 {keeps the balance.}) 36. Kh2 (36. g4 $16 Nf4 37. Nxf4 Rxf4 38. Ng3 Bxd4+ (38... Rxd4 39. Qe3 $16) 39. Kg2) 36... Qa4 $11 37. Qe3 Qxd4 38. Qe8+ (38. Qg5 $1 $11 {remains equal.} Nf6 39. Nfe3) 38... Bf8 $17 39. Nfe3 Nf6 ({Better is} 39... Ng7 $17 40. Qd8 Ne6 (40... Rxf3 41. Nxd5 Qf2 42. Qh4 $17)) 40. Qe6 $11 Nd7 (40... Bxa3 $2 {perishes.} 41. Nf5 Qd2 42. Ra1 $18) 41. Nxd5 Nc5 42. Qc6 Rf5 43. Ndf4 Rf6 44. Qe8 Rh6+ 45. Nh5 Qd7 46. g4 Qxe8 47. Rxe8 Rd6 48. Nh4 Rd2+ 49. Kh3 Rd3 50. g5 Kf7 51. Ra8 Rxa3 52. Kg4 Nd7 53. f4 b5 54. Rc8 b4 55. Rc7 Ke6 56. Nf5 Nc5 $2 (56... Rd3 $11 57. Rxa7 b3) 57. Rxh7 $2 (57. Nf6 $1 $18) 57... b3 58. Nd4+ Kd5 59. Nxb3 $1 Nxb3 $2 {[%emt 0:00:31][%mdl 8192] [#]} (59... Rxb3 $11 60. Rf7 (60. Rxa7 Rb1 $17) 60... Rb8) 60. g6 $2 (60. Rf7 $1 $18 ) 60... Nc5 $2 {[%emt 0:01:06] [#]} (60... Ra1 $11 {and Black stays safe.}) 61. Rh8 $1 $18 ({Stronger than} 61. Nf6+ Ke6 62. Rf7 Bh6 $11) 61... Ne6 $2 (61... Ra6) 62. Rxf8 $18 Ra1 63. Rf7 a5 64. f5 Ra4+ 65. Kg3 Ra3+ 66. Kf2 Ra2+ 67. Ke1 Ra1+ 68. Kd2 Ra2+ 69. Kc3 Nc5 70. g7 Ne4+ 71. Kb3 Rg2 72. Nf4+ 1-0

[Event "USA-ch Women 2024"]
[Site "Saint Louis"]
[Date "2024.10.12"]
[Round "2.5"]
[White "Tokhirjonova, Gulrukhbegim"]
[Black "Pourkashiyan, Atousa"]
[Result "0-1"]
[ECO "D48"]
[WhiteElo "2374"]
[BlackElo "2269"]
[Annotator "TA"]
[PlyCount "140"]
[EventDate "2024.10.09"]
[EventType "tourn"]
[EventCountry "USA"]
[SourceTitle "playchess.com"]
[Source "ChessBase"]
[SourceQuality "1"]
[TimeControl "40/5400+30:1800+30"]

1. c4 e6 2. Nc3 d5 3. d4 a6 4. Nf3 dxc4 5. e3 b5 6. a4 b4 7. Nb1 c5 8. Bxc4 Bb7 9. O-O Nf6 10. Nbd2 Nbd7 11. a5 Be7 12. Bd3 O-O {[%emt 0:07:32] D48: Semi-Slav: Meran System: 7...b5 8 Bd3 a6.} 13. Nc4 Be4 14. Bxe4 Nxe4 15. Qc2 $146 ({Predecessor:} 15. Qd3 Nd6 16. Nce5 Nxe5 17. Nxe5 Qc7 18. Bd2 cxd4 19. Rac1 Qb7 20. exd4 {0-1 Koskinen,E-Mujunen,M FIN-ch SM1 corr 1987}) 15... Nd6 16. Rd1 Nxc4 17. Qxc4 Qc8 18. Qe2 cxd4 19. exd4 Nf6 20. Ne5 Qb7 21. h4 Qe4 (21... Rac8 $17) 22. Qxe4 $11 Nxe4 23. Re1 f5 24. g3 Rfc8 25. Nd3 Rc2 26. Be3 b3 27. Red1 Rac8 28. Rab1 Bd8 (28... g5 $17 29. hxg5 Bxg5 30. Bxg5 Nxg5) 29. Nc5 $1 $11 Nxc5 30. dxc5 Bxa5 31. Rd6 Bb4 32. Rxa6 Bxc5 33. Rxe6 (33. Bxc5 $11 R8xc5 34. Rxe6) 33... Kf7 $17 34. Re5 Kf6 $1 35. f4 (35. Rxc5 $17 R2xc5 (35... R8xc5 36. Bd4+ Kf7 37. Bxc5 $17) 36. Bd4+ Kf7 37. Bxc5 Rxc5 38. Kg2) 35... Rc6 36. h5 h6 $2 ({Better is} 36... Rc1+ $17 37. Rxc1 Bxe3+ 38. Rxe3 Rxc1+ 39. Kf2 Rc2+ 40. Ke1 (40. Re2 $2 g5 $19) 40... Rxb2) 37. Bxc5 $11 R6xc5 38. Re3 Rb5 39. Ra1 (39. Rbe1 $11) 39... Rb7 $1 $17 (39... Rxb2 $6 40. Ra6+ Kf7 41. Ra7+ Kf8 (41... Kg8 42. Re8+ Kh7 43. Raa8) 42. Ra8+ Kf7 43. Ra7+ Kf8 (43... Kg8 44. Re8+ Kh7 45. Raa8) 44. Ra8+ Kf7 45. Ra7+ $11) 40. Ra6+ $2 (40. Rb1 $17 {keeps fighting.}) 40... Kf7 $19 41. Ra5 g6 ({Stronger than} 41... Rxb2 42. Rxf5+ Kg8 43. Re8+ Kh7 44. Rff8 $11) 42. hxg6+ $2 (42. Ree5 Rxb2 43. Rab5) 42... Kxg6 $19 43. g4 fxg4 44. Re6+ Kg7 45. Raa6 h5 $2 (45... Rd7 $19 {( -> ...Rd1+)} 46. Rg6+ Kf7 47. Rgf6+ Ke8 48. Rfe6+ Re7 49. Rxe7+ Kxe7 50. Rxh6 Rxb2) 46. Rg6+ $11 Kf8 47. Ra8+ $1 Kf7 48. Rh6 {[%emt 0:00:32] [#]} Kg7 $1 (48... Rxb2 49. Rh7+ (49. Rxh5 Kg7 $11) 49... Ke6 50. Rxb7 $18) 49. Rah8 $2 {[%emt 0:00:19] [#]} (49. Rxh5 Rxb2 50. Rg5+ Kf7 51. Rh5) 49... Rf7 $2 (49... Rxb2 50. R8h7+ (50. Rxh5 $2 Re7 $19) 50... Kg8 51. Rxb7 $18) ({Black should try} 49... Re7 $1 $19 50. R6h7+ Kf6 51. Rf8+ Ke6 52. Rxh5 Kd7 (52... Rxb2 $2 53. Rc8 $19)) 50. R8h7+ $11 Kf8 51. Rxf7+ $4 (51. Rh8+ $11 Ke7 52. Ra6) 51... Kxf7 52. Rxh5 Rxb2 53. Rb5 Ke6 54. Re5+ Kf6 55. Rb5 g3 56. f5 Kg5 57. f6+ Kxf6 58. Rb8 Ke5 59. Re8+ Kd4 60. Rd8+ Kc3 61. Rc8+ Kd2 62. Rd8+ Kc1 63. Rb8 Rb1 64. Kg2 Kb2 65. Kxg3 Rf1 66. Kg4 Kc2 67. Rc8+ Kb1 68. Rb8 b2 69. Rb7 Kc2 70. Rc7+ Kd3 0-1

[Event "USA-ch Women 2024"]
[Site "Saint Louis"]
[Date "2024.10.12"]
[Round "2.6"]
[White "Yu, Jennifer"]
[Black "Zatonskih, Anna"]
[Result "1/2-1/2"]
[ECO "D02"]
[WhiteElo "2267"]
[BlackElo "2312"]
[Annotator "RC"]
[PlyCount "145"]
[EventDate "2024.10.09"]
[EventType "tourn"]
[EventCountry "USA"]
[SourceTitle "playchess.com"]
[Source "ChessBase"]
[SourceQuality "1"]
[TimeControl "40/5400+30:1800+30"]

1. Nf3 d5 2. g3 Nd7 3. d4 Nb6 4. Bg2 Bf5 5. Nbd2 c6 6. O-O e6 7. Re1 Nf6 8. Ne5 Be7 9. c3 O-O 10. f3 h6 11. e4 Bh7 12. Nb3 Na4 13. Nd3 Rc8 14. Qe2 b6 15. Nf2 Kh8 16. Kh1 Qd7 17. e5 Ng8 18. Bf1 a5 19. Be3 c5 20. dxc5 bxc5 21. Qb5 Qxb5 22. Bxb5 Nxb2 23. Nxa5 c4 24. a4 Bc5 25. Nc6 Bxe3 26. Rxe3 Rc7 27. Nb4 Ne7 28. Re2 Nd3 29. Nfxd3 Bxd3 30. Nxd3 cxd3 31. Rd2 Rxc3 32. Rxd3 Rc5 33. f4 g5 34. Rf1 Kg7 35. Kg2 Nf5 36. Kh1 Rfc8 37. g4 Rc1 38. Kg1 Ne7 39. f5 exf5 40. gxf5 Nxf5 41. a5 Rxf1+ 42. Kxf1 Rc1+ 43. Kf2 Rc2+ 44. Kg1 Ra2 45. a6 d4 46. h3 h5 47. Bd7 Ne7 48. Bb5 Nf5 49. Bd7 Kg6 50. Rf3 Nh6 51. Rf6+ Kg7 52. Rd6 g4 53. hxg4 Nxg4 54. e6 fxe6 55. Bxe6 Ra1+ 56. Kg2 Kf8 57. Bc8 Ra4 58. Rd8+ Ke7 59. Rd7+ Kf6 60. a7 Kg5 61. Rg7+ Kh4 62. Be6 Ra3 63. Kf1 d3 64. Ke1 Ne3 65. Rd7 Kg5 66. Rxd3 Rxa7 67. Rxe3 Re7 68. Kf2 Kf6 69. Bh3 Rxe3 70. Kxe3 h4 71. Kf4 Ke7 72. Kg4 Kd6 73. Kxh4 1/2-1/2